 Dungeon Sprint DCSS version 0.27-a0-1193-g8631133539 (webtiles) character file.

Game seed: 532770013036229669

15300 mhtbhm the Sorcerer (level 12, 0/59 HPs)
             Began as a Deep Elf Earth Elementalist on May 27, 2021.
             Was the Champion of Vehumet.
             Killed from afar by a Hell Sentinel (59 damage)
             ... with an iron shot
             ... in the Dungeon (Sprint VII: "The Pits").
             The game lasted 00:08:08 (3728 turns).

mhtbhm the Sorcerer (Deep Elf Earth Elementalist)   Turns: 3728, Time: 00:08:08

Health: 0/59       AC:  4    Str:  5    XL:     12   Next: 0%
Magic:  32/42      EV: 17    Int: 29    God:    Vehumet [******]
Gold:   33         SH:  0    Dex: 15    Spells: 1/60 levels left

rFire    . . .     SeeInvis .   l - +2 quarterstaff (protect)
rCold    . . .     Faith    .   (shield currently unavailable)
rNeg     . . .     Spirit   .   c - +0 robe
rPois    .         Reflect  .   s - +0 helmet
rElec    .         Harm     .   (no cloak)
rCorr    .         Rampage  .   r - +0 pair of gloves
Will     +....     NoTele   +   (no boots)
Stlth    +++.......             (no amulet)
HPRegen  0.19/turn              m - +3 ring of evasion
MPRegen  0.28/turn              p - +3 ring of intelligence

@: no status effects
A: no striking features
a: Renounce Religion


You were in the Dungeon.
You worshipped Vehumet.
Vehumet was exalted by your worship.
You visited 1 branch You collected 33 gold pieces.

Inventory:

Hand Weapons
 l - a +2 quarterstaff of protection (weapon)
Missiles
 b - 68 stones
Armour
 c - a +0 robe (worn)
 r - a +0 pair of gloves (worn)
 s - a +0 helmet (worn)
Jewellery
 m - a +3 ring of evasion (left hand)
 p - a +3 ring of intelligence (right hand)
 u - a ring of protection from cold
 z - a ring of see invisible
Scrolls
 j - 5 scrolls of amnesia
 k - a scroll of summoning
 t - 4 scrolls of identify
 v - 3 scrolls of fog
 w - a scroll of blinking
 x - a scroll of fear
 y - 2 scrolls of enchant weapon
Potions
 a - 2 potions of invisibility
 d - 7 potions of curing
 e - 14 potions of heal wounds
 f - 3 potions of haste
 g - 3 potions of magic
 h - 4 potions of berserk rage
 i - a potion of resistance
 n - 3 potions of brilliance
 o - a potion of might
 q - 4 potions of mutation


   Skills:
 + Level 5.2 Dodging
 + Level 5.8 Stealth
 + Level 24.7 Spellcasting
 + Level 2.2 Conjurations
 + Level 3.5 Transmutations
 * Level 1.7 Fire Magic
 + Level 20.8 Earth Magic


You had one spell level left.
You knew the following spells:

 Your Spells              Type           Power      Damage    Failure   Level
a - Sandblast             Erth           100%       2d20      0%          1
b - Magic Dart            Conj           100%       1d8       1%          1
c - Stone Arrow           Conj/Erth      100%       3d13      0%          3
d - Lee's Rapid Deconstr  Erth           51%        3d25*     0%          5
e - Petrify               Tmut/Erth      82%        N/A       1%          4
f - Bolt of Magma         Conj/Fire/Erth 35%        4d15      1%          5
g - Spellforged Servitor  Conj/Summ      21%        N/A       71%         7
h - Orb of Destruction    Conj           24%        9d10      54%         7
i - Shatter               Erth           51%        3d39*     4%          9
j - Ignition              Fire           23%        3d8       99%         8
k - Fire Storm            Conj/Fire      23%        8d6       100%        9

Your spell library contained the following spells:

 Spells                   Type           Power      Damage    Failure   Level
 Passwall                 Tmut/Erth      68%        N/A       0%          2


Dungeon Overview and Level Annotations

Branches:
Dungeon (1/1)

Altars:
Ashenzari
Cheibriados
Dithmenos
Elyvilon
Fedhas
Gozag
Hepliaklqana
Kikubaaqudgha
Makhleb
Nemelex Xobeh
Okawaru
Qazlal
Ru
Sif Muna
Trog
Uskayaw
Vehumet
Wu Jian
Xom
Yredelemnul
Zin
The Shining One
Beogh
Jiyva
Lugonu


Message History

You finish memorising.
You add the spell Ignition to your library.
Spell assigned to 'j'.
Unknown command.
This spell is potentially lethal to cast!
Memorise Fire Storm, consuming 9 spell levels and leaving 1? [Y]es or [N]o only, please.
Memorise Fire Storm, consuming 9 spell levels and leaving 1?
Vehumet grants you knowledge of Fire Storm.
You start memorising the spell.
You continue memorising. x9
You finish memorising.
You add the spell Fire Storm to your library.
Spell assigned to 'k'.
As you open the large door, it creaks loudly!
A Hell Sentinel comes into view.
The Hell Sentinel roars!
Unknown command.
Casting: Lee's Rapid Deconstruction (safe; 0% risk of failure)
Confirm with . or Enter, or press ? or * to list all spells.
Aiming: Lee's Rapid Deconstruction (safe; 0% risk of failure)
Press: ? - help, Dir - move target A metal wall.
The metal wall shatters!
The blast of metal fragments hits the Hell Sentinel!!!
The Hell Sentinel is heavily wounded.
Unknown command.
Unknown command.
Unknown command.
Casting: Lee's Rapid Deconstruction (safe; 0% risk of failure)
Confirm with . or Enter, or press ? or * to list all spells.
Aiming: Lee's Rapid Deconstruction (safe; 0% risk of failure)
Press: ? - help, Dir - move target A metal wall.
The metal wall shatters!
The blast of metal fragments hits the Hell Sentinel!!
The Hell Sentinel is heavily wounded.
The Hell Sentinel gestures at you. The iron shot hits you!!!
Ouch! That really hurt!
You die...

#+# #.# #'#
################1#
................@#
.................#
+##############..#
#..# #.รท# #).#
#..# #..#


You could see a Hell Sentinel.

Vanquished Creatures
  Gastronok (D)
  A naga warrior (D)
  2 two-headed ogres (D)
  A vampire mage (D)
  A fire crab (D)
  A salamander mystic (D)
  A flayed ghost (D)
  A sea snake (D)
  A swamp dragon (D)
  An ugly thing (D)
  A molten gargoyle (D)
  3 smoke demons (D)
  A komodo dragon (D)
  A rime drake (D)
  A yaktaur (D)
  An efreet (D)
  A demonic crawler (D)
  A freezing wraith (D)
  A red devil (D)
  A hellwing (D)
  A polar bear (D)
  6 dream sheep (D)
  A small abomination (D)
  Sigmund (D)
  2 redbacks (D)
  A ynoxinul (D)
  3 yaks (D)
  A wraith (D)
  A shadow (D)
  A tarantella (D)
  A wyvern (D)
  A chaos spawn (D)
  3 nagas (D)
  Purgy (D)
  A necrophage (D)
  An orc warrior (D)
  A black bear (D)
  An ogre (D)
  A centaur (D)
  A phantom (D)
  A gnoll sergeant (D)
  3 killer bees (D)
  3 wights (D)
  A crimson imp (D)
  An orc priest (D)
  A jelly (D)
  A gnoll shaman (D)
  An iron imp (D)
  3 iguanas (D)
  2 orc wizards (D)
  An adder (D)
  5 gnolls (D)
  A river rat (D)
  2 white imps (D)
  An ufetubus (D)
  An adder zombie (D)
  2 adder skeletons (D)
  An orc (D)
  A ball python (D)
  A bat zombie (D)
  2 giant cockroaches (D)
  2 jackals (D)
  A frilled lizard (D)
  2 kobolds (D)
  A quokka skeleton (D)
  A quokka zombie (D)
  2 rats (D)
97 creatures vanquished.

Notes
Turn   | Place    | Note
-------+----------+-------------------------------------------
     0 | D        | mhtbhm the Deep Elf Earth Elementalist began the quest for
                  | the Orb.
     0 | D        | Reached XP level 1. HP: 10/10 MP: 6/6
    23 | D        | Found a bloodstained altar of Trog.
    23 | D        | Found a shimmering blue altar of Sif Muna.
    23 | D        | Found a viscous altar of Jiyva.
    23 | D        | Found a hazy altar of Hepliaklqana.
    23 | D        | Found an opulent altar of Gozag.
    24 | D        | Found a glowing golden altar of the Shining One.
    24 | D        | Found a glowing silver altar of Zin.
    24 | D        | Found a basalt altar of Yredelemnul.
    24 | D        | Found a shimmering altar of Xom.
    24 | D        | Found an ornate altar of the Wu Jian Council.
    24 | D        | Found a sacrificial altar of Ru.
    24 | D        | Found a stormy altar of Qazlal.
    24 | D        | Found an iron altar of Okawaru.
    24 | D        | Found a sparkling altar of Nemelex Xobeh.
    24 | D        | Found a burning altar of Makhleb.
    24 | D        | Found a blossoming altar of Fedhas.
    24 | D        | Found a white marble altar of Elyvilon.
    24 | D        | Found a shadowy altar of Dithmenos.
    24 | D        | Found a snail-covered altar of Cheibriados.
    26 | D        | Found a radiant altar of Vehumet.
    26 | D        | Found a corrupted altar of Lugonu.
    27 | D        | Found a hide-covered altar of Uskayaw.
    27 | D        | Found an ancient bone altar of Kikubaaqudgha.
    27 | D        | Found a broken altar of Ashenzari.
    34 | D        | Became a worshipper of Vehumet
    96 | D        | Reached skill level 4 in Spellcasting
    96 | D        | Reached * piety under Vehumet
    96 | D        | Offered knowledge of Magic Dart by Vehumet.
   100 | D        | Learned a level 1 spell: Magic Dart
   140 | D        | Reached XP level 2. HP: 15/15 MP: 5/9
   140 | D        | Offered knowledge of Shock by Vehumet.
   140 | D        | Reached ** piety under Vehumet
   185 | D        | Noticed a phantom
   187 | D        | Killed a phantom
   188 | D        | Reached skill level 6 in Spellcasting
   188 | D        | Reached XP level 3. HP: 19/19 MP: 8/13
   188 | D        | Reached XP level 4. HP: 24/24 MP: 8/14
   213 | D        | Learned a level 3 spell: Stone Arrow
   217 | D        | Reached *** piety under Vehumet
   297 | D        | Noticed a necrophage
   298 | D        | Offered knowledge of Ignite Poison by Vehumet.
   306 | D        | Killed a necrophage
   307 | D        | Reached skill level 8 in Spellcasting
   307 | D        | Reached XP level 5. HP: 28/28 MP: 6/18
   310 | D        | Reached **** piety under Vehumet
   311 | D        | Reached skill level 5 in Stealth
   311 | D        | Reached skill level 9 in Spellcasting
   311 | D        | Reached skill level 10 in Earth Magic
   326 | D        | Learned a level 5 spell: Lee's Rapid Deconstruction
   331 | D        | Learned a level 4 spell: Petrify
   492 | D        | Noticed Sigmund
   497 | D        | Offered knowledge of Hailstorm by Vehumet.
   498 | D        | Killed Sigmund
   499 | D        | Reached skill level 5 in Dodging
   499 | D        | Reached skill level 11 in Spellcasting
   499 | D        | Reached XP level 6. HP: 22/32 MP: 11/22
   503 | D        | Reached ***** piety under Vehumet
   668 | D        | Noticed Purgy
   670 | D        | Killed Purgy
   670 | D        | Offered knowledge of Fulminant Prism by Vehumet.
   671 | D        | Reached skill level 12 in Spellcasting
   671 | D        | Reached XP level 7. HP: 36/36 MP: 12/24
   833 | D        | Noticed a two-headed ogre
   836 | D        | Killed a two-headed ogre
   836 | D        | Offered knowledge of Bolt of Magma by Vehumet.
   837 | D        | Reached skill level 15 in Spellcasting
   837 | D        | Reached XP level 8. HP: 41/41 MP: 10/29
   931 | D        | Learned a level 5 spell: Bolt of Magma
  1092 | D        | Noticed a freezing wraith
  1101 | D        | Killed a freezing wraith
  1102 | D        | Reached skill level 16 in Spellcasting
  1359 | D        | Noticed a komodo dragon
  1361 | D        | Killed a komodo dragon
  1362 | D        | Reached skill level 17 in Spellcasting
  1362 | D        | Reached XP level 9. HP: 45/45 MP: 9/32
  1597 | D        | Noticed a smoke demon
  1597 | D        | Noticed a red devil
  1597 | D        | Noticed a polar bear
  1606 | D        | Killed a red devil
  1607 | D        | Reached skill level 15 in Earth Magic
  1651 | D        | Reached ****** piety under Vehumet
  1651 | D        | Offered knowledge of Yara's Violent Unravelling by Vehumet.
  1652 | D        | Reached skill level 18 in Spellcasting
  1661 | D        | Killed a polar bear
  1665 | D        | Killed a smoke demon
  1820 | D        | Reached skill level 19 in Spellcasting
  1821 | D        | Offered knowledge of Freezing Cloud by Vehumet.
  1823 | D        | Noticed Gastronok
  1824 | D        | Noticed a yaktaur
  1828 | D        | Noticed a purple ugly thing
  1829 | D        | Reached skill level 1 in Conjurations
  1829 | D        | Noticed a swamp dragon
  1830 | D        | Killed a yaktaur
  1831 | D        | Reached XP level 10. HP: 23/50 MP: 21/35
  1839 | D        | Killed Gastronok
  1840 | D        | Reached skill level 20 in Spellcasting
  1858 | D        | Killed a swamp dragon
  1859 | D        | Reached skill level 21 in Spellcasting
  1859 | D        | Killed a purple ugly thing
  1994 | D        | Offered knowledge of Spellforged Servitor by Vehumet.
  2213 | D        | Noticed a sea snake
  2220 | D        | Killed a sea snake
  2280 | D        | Reached skill level 22 in Spellcasting
  2280 | D        | Reached XP level 11. HP: 54/54 MP: 34/39
  2400 | D        | Learned a level 7 spell: Spellforged Servitor
  2402 | D        | Noticed a flayed ghost
  2411 | D        | Offered knowledge of Orb of Destruction by Vehumet.
  2421 | D        | Killed a flayed ghost
  2421 | D        | Noticed a vampire mage
  2423 | D        | Killed a vampire mage
  2424 | D        | Reached skill level 1 in Fire Magic
  2787 | D        | Learned a level 7 spell: Orb of Destruction
  2848 | D        | Reached skill level 23 in Spellcasting
  2848 | D        | Offered knowledge of Iron Shot by Vehumet.
  2932 | D        | Noticed a two-headed ogre
  2935 | D        | Killed a two-headed ogre
  3088 | D        | Noticed a salamander mystic
  3090 | D        | Killed a salamander mystic
  3090 | D        | Offered knowledge of Starburst by Vehumet.
  3100 | D        | Noticed a naga warrior
  3102 | D        | Killed a naga warrior
  3103 | D        | Reached skill level 24 in Spellcasting
  3516 | D        | Noticed a fire crab
  3520 | D        | Killed a fire crab
  3522 | D        | Offered knowledge of Fire Storm by Vehumet.
  3522 | D        | Offered knowledge of Shatter by Vehumet.
  3522 | D        | Offered knowledge of Ignition by Vehumet.
  3523 | D        | Reached XP level 12. HP: 59/59 MP: 21/42
  3706 | D        | Learned a level 9 spell: Shatter
  3715 | D        | Learned a level 8 spell: Ignition
  3725 | D        | Learned a level 9 spell: Fire Storm
  3726 | D        | Noticed a Hell Sentinel
  3728 | D        | Killed from afar by a Hell Sentinel

Illustrated notes

Levels and vault maps discovered:
D:        pitsprint [storerooms_1, entrance_room_1, metal_vault_3, armoury_1,
          mini_pit_1, grid_room_1, main_hall_1, silver_pit, the_coven_3,
          the_vestibule_1, steel_vault_2, golden_pit, hallway_of_sentries,
          crystal_vault_1, iron_vault_4, final_vault]

Skill      XL: |  1  2  3  4  5  6  7  8  9 10 11 |
---------------+----------------------------------+-----
Stealth        | 3 4 5 |  5.8
Spellcasting   | 4 6 8 11 12 15 17 19 22 24 | 24.7
Earth Magic    | 4 7 9 11 12 13 14 16 18 20 | 20.8
Dodging        | 3 4 5 |  5.2
Conjurations   | 1 2 |  2.2
Transmutations | 3 |  3.5
Fire Magic     | 1 |  1.7

Action                   |  1- 3 |  4- 6 |  7- 9 | 10-12 || total
-------------------------+-------+-------+-------+-------++-------
 Cast: Sandblast         |    10 |     6 |     2 |       ||    18
       Stone Arrow       |       |     5 |     4 |       ||     9
       Lee's Rapid Decon |       |     6 |    31 |    50 ||    87
       Petrify           |       |       |     1 |     2 ||     3
       Bolt of Magma     |       |       |       |     2 ||     2
  Use: Potion            |       |       |     1 |     4 ||     5
       Scroll            |       |       |       |     1 ||     1
Dodge: Dodged            |       |       |     2 |     5 ||     7

Table legend: (Time is in decaauts)
 A = Elapsed time spent in this place.
 B = Non-inter-level travel time spent in this place.
 C = Inter-level travel time spent in this place.
 D = Time resting spent in this place.
 E = Time spent auto-exploring this place.
 F = Levels seen in this place.
 G = Mean time per level.
                   A        B        C        D        E       F      G
               +--------+--------+--------+--------+--------+-----+--------+
         Total |   3726 |   3726 |      0 |   2726 |     75 |   1 | 3726.0 |
       Dungeon |   3726 |   3726 |      0 |   2726 |     75 |   1 | 3726.0 |
               +--------+--------+--------+--------+--------+-----+--------+

Top non-repeatable levels by time:
       D: 3726 daAuts
